 Dungeon Crawl Stone Soup version 0.14-a0-852-g0ba292f (webtiles) character file.

302 Nagae the Cutter (level 6, -4/39 HPs)
             Began as a Kobold Fighter on Nov 15, 2013.
             Slain by an orc wizard
             ... wielding a +2,+1 orcish hand axe of chopping
              (5 damage)
             ... on Level 3 of the Dungeon.
             The game lasted 00:24:14 (2984 turns).

Nagae the Cutter (Kobold Fighter)                   Turns: 2984, Time: 00:24:15

HP  -4/39        AC  6     Str 17      XL: 6   Next: 26%
MP   5/5         EV 10     Int 12      God:
Gold 67          SH 11     Dex 14      Spells:  0 memorised,  5 levels left

Res.Fire  : . . .   See Invis. : .   a - +0 short sword
Res.Cold  : . . .   Warding    : .   b - +0 scale mail
Life Prot.: . . .   Conserve   : .   c - +0 buckler
Res.Poison: .       Res.Corr.  : .   (no helmet)
Res.Elec. : .       Clarity    : .   (no cloak)
Sust.Abil.: . .     Spirit.Shd : .   (no gloves)
Res.Mut.  : .       Stasis     : .   (no boots)
Res.Rott. : .       Flight     : .   (no amulet)
Saprovore : + + .                    (no ring)
                                     (no ring)

@: brilliant, slightly resistant to hostile enchantments, extremely unstealthy
A: disease resistance, carnivore 3, saprovore 2
a: no special abilities


You were on level 3 of the Dungeon.
You were very full.

You visited 1 branch of the dungeon, and saw 4 of its levels.

You collected 67 gold pieces.

Inventory:

Hand weapons
 a - a +0,+0 short sword (weapon)
 j - a cursed -1,-2 dwarven short sword
Missiles
 o - 28 stones
 t - 2 darts of flame (quivered)
Armour
 b - a +0 scale mail (worn)
 c - a +0 buckler (worn)
 r - a +1 ring mail of poison resistance
Magical devices
 q - a wand of slowing (17)
Comestibles
 d - 2 meat rations
 g - 5 rotting chunks of jackal flesh
Scrolls
 h - a scroll of enchant weapon I {unknown}
 i - 2 scrolls of remove curse {unknown}
 k - 2 scrolls of identify {unknown}
 l - a scroll of curse jewellery {unknown}
 m - a scroll of enchant armour {unknown}
 n - 3 scrolls of recharging {unknown}
 s - a scroll of noise {unknown}
Potions
 f - a potion of resistance {unknown}


   Skills:
 + Level 4.5 Fighting
 + Level 4.9 Short Blades
 - Level 2.7 Armour
 + Level 3.2 Dodging
 + Level 0.8 Stealth
 - Level 2.8 Shields


You had 5 spell levels left.
You didn't know any spells.

Dungeon Overview and Level Annotations

Branches:
Dungeon (4/16)
 Temple: D:4-7

Altars:
Fedhas
Zin

Annotations:
D:3 !Goddamn Sigmund., Sigmund


Innate Abilities, Weirdness & Mutations

You recuperate from illness quickly.
You are small and have problems with some larger weapons.
You are carnivorous and can eat meat at any time.
You can eat rotten meat.


Message History

* * * LOW HITPOINT WARNING * * *
A hobgoblin comes into view.
The hobgoblin shouts!
The orc wizard unwields an uncursed orcish dagger.
The orc wizard drops an uncursed orcish dagger.
The orc wizard picks up a glowing orcish hand axe.
The orc wizard wields a glowing orcish hand axe.
Found 12 darts.
There is an open door here.
The orc wizard casts a spell at you. The magic dart hits you!
* * * LOW HITPOINT WARNING * * *
You close the door.
An orc wizard opens the door.
As you close the door, it creaks loudly!
An orc wizard opens the door.
Drink which item? (? for menu, Esc to quit)
You feel more clever all of a sudden.
It was a potion of brilliance.
The orc wizard hits you with a glowing orcish hand axe.
You die...

##' #############
##.....# ........#
.........#
..........#
..(.......#
.......g..#
...........#
#..@..# ####o##
#.#
....#####)########
........)>........
##################


You could see an orc wizard and a hobgoblin.

Vanquished Creatures
  An orc priest (D:3)
  A hound (D:4)
  2 worker ants (D:4)
  A killer bee zombie (D:3)
  3 adders (D:2)
  A worm (D:3)
  A giant eyeball (D:4)
  An ooze (D:2)
  6 giant cockroaches
  8 hobgoblins
  4 jackals (D:4)
  8 kobolds
  A quokka (D:2)
  A ball python (D:3)
  6 bats
  16 giant newts
  4 goblins
  9 rats
74 creatures vanquished.

Notes
Turn   | Place    | Note
--------------------------------------------------------------
     0 | D:1      | Nagae, the Kobold Fighter, began the quest for the Orb.
     0 | D:1      | Reached XP level 1. HP: 14/14 MP: 0/0
    55 | D:1      | Reached XP level 2. HP: 9/19 MP: 1/1
   494 | D:1      | Reached XP level 3. HP: 21/24 MP: 2/2
  1184 | D:2      | Reached skill level 1 in Dodging
  1184 | D:2      | Reached XP level 4. HP: 22/28 MP: 3/3
  1885 | D:2      | Reached skill level 4 in Fighting
  1943 | D:2      | Found a blossoming altar of Fedhas.
  2144 | D:3      | Reached XP level 5. HP: 18/33 MP: 4/4
  2392 | D:3      | Noticed Sigmund
  2668 | D:4      | Found a glowing silver altar of Zin.
  2763 | D:4      | Reached XP level 6. HP: 21/39 MP: 5/5
  2981 | D:3      | HP: 1/39 [orc wizard/magic dart (1)]
  2984 | D:3      | Slain by an orc wizard

Action                   |  1- 3 |  4- 6 || total
-------------------------+-------+-------++-------
Melee: Short sword       |   153 |   230 ||   383
Throw: Dart              |     1 |       ||     1
Evoke: Wand              |       |     1 ||     1
  Use: Potion            |       |     3 ||     3
       Scroll            |       |     3 ||     3
